AoeStats
← Augi662101

Arena

508513721Analyzed
2v2 RM · 10d ago on Sep 22, 2026· 43m 38s· 4 players
Game mode
Random Map
Map size
Medium (4 player)
Population
200
Speed
Normal
Resources
Standard
Victory
Conquest
Starting age
Dark Age
Ending age
Imperial Age
RankedLock teamsTeams togetherTeam positionsShared explorationLock speedFull tech treeHidden civsTurbo modeCheats
Victory
Defeat
🇧🇷 Random · Brazil
812
+18
🇧🇷 Turks · Brazil
805
+18
🇧🇪 Random · Belgium
892
-19
🇺🇸 Random · United States
823
-17
Joe Camel
10:53 Feudal Age
15:14 Castle Age
13:00 Loom
15:20 Double-Bit Axe
22:29 Bow Saw
22:00 Horse Collar
24:45 Scale Mail Armor
24:54 Scale Barding Armor
25:55 Heavy Plow
25:47 Gold Mining
29:11 Man-at-Arms
29:37 Gambesons
29:52 Squires
29:43 Arson
35:43 Wheelbarrow
34:53 Town Watch
38:09 Padded Archer Armor
37:59 Fletching
38:21 Caravan
38:58 Hand Cart
38:43 Town Patrol
ViniCassi
8:02 Loom
13:26 Feudal Age
14:53 Double-Bit Axe
17:39 Castle Age
16:23 Horse Collar
22:32 Imperial Age
23:10 Wheelbarrow
23:07 Padded Archer Armor
24:21 Leather Archer Armor
28:30 Ring Archer Armor
Augi662101
8:32 Loom
11:57 Feudal Age
18:28 Castle Age
17:45 Double-Bit Axe
18:00 Horse Collar
20:59 Bow Saw
23:27 Wheelbarrow
26:58 Husbandry
27:09 Bloodlines
28:33 Bloodlines
29:03 Hand Cart
Nicrom
10:08 Feudal Age
11:08 Horse Collar
11:13 Double-Bit Axe
12:05 Loom
16:58 Castle Age
15:48 Scale Mail Armor
15:59 Forging
16:00 Stone Mining
19:22 Bow Saw
19:45 Fletching
20:48 Gold Mining
23:30 Squires
23:16 Arson
25:58 Chain Mail Armor
26:18 Iron Casting
26:49 Heavy Plow
31:01 Bloodlines
30:52 Husbandry
33:11 Scale Barding Armor
36:12 Gold Shaft Mining
36:19 Bodkin Arrow
40:04 Padded Archer Armor
39:51 Elite Skirmisher
Connection lost

Rejoining the realm…

Still unreachable

The connection could not be restored.

Session expired

The server has moved on; the page needs a fresh start.